 Dungeon Crawl Stone Soup version 0.17-a0-1802-g9847487 (webtiles) character file.

196468 nullius the Bludgeoner (level 18, -5/122 HPs)
             Began as a Gargoyle Monk on Sept 10, 2015.
             Was an Elder of Nemelex Xobeh.
             Killed by divine providence
             ... invoked by a balrug
             ... summoned by a deep elf demonologist
              (14 damage)
             ... on level 3 of the Elven Halls on Sept 11, 2015.
             The game lasted 03:27:10 (34086 turns).

nullius the Bludgeoner (Gargoyle Monk)             Turns: 34086, Time: 03:27:33

Health: -5/122     AC: 35    Str: 23    XL:     18   Next: 37%
Magic:  27/27      EV: 15    Int: 12    God:    Nemelex Xobeh [****..]
Gold:   88         SH: 10    Dex: 19    Spells: 0 memorised, 17 levels left

rFire  + . .     SeeInvis +     j - +7 spear of the Enemy {freeze, Dex+3}
rCold  + . .     Clarity  .     S - +2 plate armour of the Pleiades {rC+ Dex+7 SInv}
rNeg   + . .     SustAt   .     s - +3 buckler {rF+}
rPois  ∞         Gourm    .     (no helmet)
rElec  +         Spirit   .     (no cloak)
rCorr  .         Warding  .     n - +0 pair of gloves "Zisch" {rPois Regen+ Dex-2 Slay+6}
rMut   .         Stasis   .     J - +0 pair of boots
MR     ++...                    M - amulet of faith
Stlth  ..........               f - ring of protection from magic
                                w - +5 ring of evasion

@: very resistant to hostile enchantments, extremely unstealthy
A: big wings, negative energy resistance 1, sense surroundings 1, electricity
resistance, unbreathing, petrification resistance, rot immunity, AC +13
a: Fly, Triple Draw, Deal Four, Renounce Religion
}: 1/15 runes: serpentine


You were on level 3 of the Elven Halls.
You worshipped Nemelex Xobeh.
Nemelex Xobeh was greatly pleased with you.
You were not hungry.

You visited 6 branches of the dungeon, and saw 32 of its levels.
You also visited: Labyrinth and Ice Cave.

You collected 2813 gold pieces.
You spent 2241 gold pieces at shops.

Inventory:

Hand weapons
 j - the +7 spear of the Enemy (weapon) {freeze, Dex+3}
   (You found it on level 3 of the Snake Pit)

   It has been specially enchanted to freeze those struck by it, causing extra
   injury to most foes and up to half again as much damage against particularly
   susceptible opponents.
   It can also slow down cold-blooded creatures.
   It affects your dexterity (+3).
 t - a +1 flail of holy wrath
Missiles
 G - 2 javelins of penetration (quivered)
Armour
 n - the +0 pair of gloves "Zisch" (worn) {rPois Regen+ Dex-2 Slay+6}
   (You found it on level 10 of the Dungeon)

   It affects your dexterity (-2).
   It affects your accuracy and damage with ranged weapons and melee attacks
   (+6).
   It protects you from poison.
   It increases your rate of regeneration.
 s - a +3 buckler of fire resistance (worn)
 J - a +0 pair of boots (worn)
 S - the +2 plate armour of the Pleiades (worn) {rC+ Dex+7 SInv}
   (You bought it in a shop on level 15 of the Dungeon)

   It affects your dexterity (+7).
   It protects you from cold.
   It lets you see invisible.
Jewellery
 f - a ring of protection from magic (right hand)
 p - an uncursed amulet of stasis
 w - a +5 ring of evasion (left hand)
 M - an amulet of faith (around neck)
Magical devices
 e - a wand of invisibility (2)
 k - a wand of paralysis (11)
 q - a wand of lightning (1)
 A - a wand of slowing (12)
 K - a wand of cold (1)
 U - a wand of frost (27)
 W - a wand of digging (10)
 Z - a wand of heal wounds (0)
Scrolls
 a - a scroll of recharging
 d - a scroll of fear
 g - 12 scrolls of remove curse
 l - 3 scrolls of teleportation
 r - a scroll of enchant armour
 y - a scroll of identify
 D - 3 scrolls of amnesia
 O - 2 scrolls of enchant weapon
 P - 10 scrolls of magic mapping
Potions
 b - 4 potions of lignification
 m - 2 potions of agility
 o - a potion of cancellation
 u - a potion of cure mutation
 z - 2 potions of resistance
 B - 2 potions of curing
 C - 4 potions of might
 Q - 2 potions of berserk rage
 T - 2 potions of magic
 Y - a potion of flight
Miscellaneous
 h - a plain deck of destruction
 i - an ornate deck of destruction {drawn: 7}
 v - an ornate deck of escape {drawn: 2}
 E - an ornate deck of war
 F - a plain deck of war
 H - a legendary deck of war {drawn: 1}
 I - a legendary deck of escape {Velocity, left: 3}
 L - an ornate deck of defence {drawn: 5}
 N - a phial of floods
 X - an ornate deck of summoning {drawn: 1}
Comestibles
 c - 15 bread rations
 x - a slice of pizza


   Skills:
 + Level 16.5 Fighting
 - Level 16.6 Maces & Flails
 + Level 6.7 Polearms
 + Level 4.0 Throwing
 + Level 15.2 Armour
 - Level 4.4 Dodging
 - Level 2.1 Stealth
 - Level 9.0 Shields
 - Level 4.0 Unarmed Combat
 * Level 12.6 Evocations


You had 17 spell levels left.
You didn't know any spells.

Dungeon Overview and Level Annotations

Branches:
Dungeon (15/15)            Temple (1/1) D:6            Lair (5/8) D:10
 Shoals (0/4) Lair:5        Snake (4/4) Lair:5          Orc (4/4) D:9
    Elf (3/3) Orc:3        Vaults (0/5) D:13         Depths (0/5) D:15

Altars:
Ashenzari
Cheibriados
Dithmenos
Elyvilon
Fedhas
Gozag
Kikubaaqudgha
Makhleb
Nemelex Xobeh
Okawaru
Qazlal
Ru
Sif Muna
Trog
Vehumet
Xom
Yredelemnul
Zin
The Shining One

Shops:
D:13 (   D:15 [   Orc:1 %   Orc:4 [:(*   Elf:1 }[[   Elf:2 :   Snake:4 ?

Annotations:
D:5 Prince Ribbit
Lair:5 exclusion: oklob plant


Innate Abilities, Weirdness & Mutations

You are resistant to torment.
Your stone body is resilient (AC +13).
You are immune to poison.
Your large and strong wings let you fly indefinitely.
You resist negative energy.
You are resistant to electric shocks.
You can survive without breathing.
You are immune to petrification.
You are immune to rotting.
You passively map a small area around you.


Message History

The deep elf demonologist hums to itself desperately, trying to keep calm.
Cornered, the deep elf demonologist turns to fight!
The deep elf demonologist gestures at you while chanting.
You resist with almost no effort. The green death closely misses you.
The balrug gestures at you.
The fireball explodes!
The fireball engulfs you! You resist.
* * * LOW HITPOINT WARNING * * *
You hear a shout! x2
Things that are here:
an arrow; a rapier of venom; an elf skeleton Drink which item? (? for menu, Esc to quit)
You feel better. The balrug gestures at you. Something smites you!
* * * LOW HITPOINT WARNING * * *
The deep elf demonologist gestures wildly while chanting.
The balrug gestures at you. Something smites you!
You die...
Your body disappears without a glow.

,,#...#...#..+.....#...#
,
,,#...#...#..#.....#...#
,#...#...#..#.....#...#
#...#...#..#.....#...#
#...#...#..#.....#...#
,,#...#, ,#(.#.....#...#
, ,#...# #..#.....#...#
#...#, #34# #...# ,
#...#####(@#######...# ,
#......[..e2e........# ,
#..........[2........#
#.<..................#
#...###########.######
,#...# ##...# , #...#
##.[.#### #...#
##2..###.## , , #...*
##..e###...#


You could see a balrug, a green death, a deep elf annihilator, a sun demon, a
deep elf demonologist and a sixfirhy.

Vanquished Creatures
  The ghost of Nattefrost the Warrior, a mighty MiFi of Fedhas (Snake:4)
  Asterion (Snake:1)
  A deep elf master archer (Elf:3)
  3 deep elf blademasters (Elf:2)
  A large abomination (Elf:2)
  10 greater nagas
  An orc warlord (Orc:3)
  A deep elf sorcerer (Elf:3)
  2 deep elf annihilators (Elf:3)
  2 deep elf demonologists (Elf:3)
  A dire elephant (D:15)
  A deep elf death mage (Elf:1)
  A minotaur (Lab)
  A fire dragon (D:15)
  Erolcha (D:8)
  2 hydras
  A centaur warrior (D:13)
  9 naga warriors
  13 dancing weapons (Elf:2)
  8 anacondas
  An ogre mage (Orc:2)
  An alligator (Elf:2)
  16 naga sharpshooters
  4 shock serpents
  4 death yaks (Lair:3)
  Urug (D:10)
  3 orc high priests
  15 deep elf knights
  A hell knight (Elf:2)
  3 skeletal warriors (D:14)
  8 deep elf summoners
  7 hill giants
  An unseen horror (D:11)
  Pikel (D:6)
  8 deep elf conjurers
  7 naga ritualists
  3 orc sorcerers
  2 orc knights
  A wolf spider zombie (D:12)
  13 mana vipers
  5 salamanders
  A hornet (shapeshifter) (D:13)
  3 manticores
  7 ugly things
  A wolf spider (D:15)
  2 guardian serpents (Snake:3)
  4 cyclopes
  4 centaur zombies
  9 elephants (Lair:4)
  8 spiny frogs
  A gargoyle (D:12)
  37 black mambas
  A kobold demonologist (D:12)
  20 naga magi
  3 komodo dragons
  A fire drake (Lair:1)
  4 deep elf priests
  2 efreet (D:15)
  A tengu conjurer (D:11)
  A queen bee (shapeshifter) (D:13)
  A freezing wraith (D:15)
  4 trolls
  A merfolk (Elf:1)
  8 slime creatures
  3 two-headed ogres
  A blink frog (Lair:2)
  A centaur simulacrum (D:14)
  35 yaks
  2 shadows
  A wyvern (Lair:4)
  A spriggan (shapeshifter) (D:13)
  18 deep elf magi
  2 wraiths
  A hog (Elf:2)
  2 basilisks
  14 deep elf fighters
  16 wolves
  A vampire (D:13)
  10 hippogriffs
  7 vampire mosquitoes
  2 hungry ghosts
  35 nagas
  9 water moccasins
  5 porcupines
  6 wargs
  2 necrophages
  A phantom (D:6)
  5 ice beasts
  A black bear (D:13)
  6 sky beasts
  An eye of draining (D:11)
  12 ogres
  29 orc warriors
  7 centaurs
  The ghost of wullow the Skirmisher, an average GrCK of Xom (D:3)
  16 giant frogs
  3 big kobolds
  8 crocodiles
  A gnoll sergeant (D:7)
  4 scorpions
  3 wights (D:8)
  12 killer bees
  2 quasits
  4 lava snakes (Lab)
  11 crimson imps
  An electric eel (Lair:4)
  5 hounds
  4 jellies
  A giant frog zombie (D:11)
  2 iron imps (D:3)
  3 centaur skeletons
  3 giant frog skeletons
  28 orc wizards
  22 orc priests
  11 iguanas
  7 worker ants
  18 sheep
  7 adders
  8 gnolls
  41 river rats
  7 shadow imps
  An adder zombie (D:5)
  4 worms
  10 giant geckos
  179 orcs
  A ball python (D:2)
  5 giant cockroaches
  10 hobgoblins
  14 kobolds
  A quokka (D:10)
  9 bats
  3 giant newts
  6 goblins
  5 jackals
  A jackal skeleton (D:8)
  7 rats
  A crawling corpse (Elf:2)
  A fungus (Orc:4)
1017 creatures vanquished.

Vanquished Creatures (collateral kills)
  Agnes (Snake:4)
  A greater naga (Snake:2)
  Aizul (Snake:4)
  Harold (Elf:2)
  A naga warrior (Snake:3)
  An anaconda (Snake:4)
  A death yak (Lair:3)
  2 naga sharpshooters
  2 deep elf knights (Elf:2)
  A deep troll (Orc:4)
  3 naga ritualists
  The ghost of max the Chopper, an experienced MiBe of Trog (D:6)
  An unseen horror (shapeshifter) (Snake:3)
  2 deep elf conjurers (Elf:2)
  A salamander (Snake:4)
  A black mamba (Snake:3)
  2 naga magi
  A deep elf priest (Elf:2)
  2 deep elf magi (Elf:1)
  3 deep elf fighters (Elf:2)
  3 yaks
  Menkaure (D:5)
  3 wargs (Orc:4)
  2 wolves (Lair:1)
  6 nagas
  2 orc warriors
  6 ice beasts (IceCv)
  A sky beast (D:5)
  A centaur (Orc:4)
  A giant frog (Orc:4)
  3 orc priests
  2 orc wizards (Orc:4)
  4 hell rats (Lair:3)
  An adder (D:2)
  16 orcs
  A quokka (D:5)
  A giant cockroach (D:5)
  A goblin (D:2)
84 creatures vanquished.

Vanquished Creatures (others)
  An anaconda (Snake:3)
  A naga mage (Snake:3)
  2 deep elf fighters (Elf:2)
  An orc wizard (D:6)
  An orc (Orc:2)
  A jackal (Orc:4)
  6 fungi
  4 plants
  4 toadstools (D:1)
21 creatures vanquished.

Grand Total: 1122 creatures vanquished

Notes
Turn   | Place    | Note
--------------------------------------------------------------
     0 | D:1      | nullius the Gargoyle Monk began the quest for the Orb.
     0 | D:1      | Reached XP level 1. HP: 14/14 MP: 1/1
   381 | D:1      | Reached XP level 2. HP: 19/19 MP: 2/2
  1019 | D:2      | Reached XP level 3. HP: 19/24 MP: 3/3
  1037 | D:2      | Found a faded altar to an unknown god.
  1046 | D:2      | Became a worshipper of Nemelex Xobeh the Trickster
  1046 | D:2      | Received a gift from Nemelex Xobeh
  1046 | D:2      | Received a gift from Nemelex Xobeh
  1062 | D:2      | Found a blossoming altar of Fedhas.
  1193 | D:2      | Acquired Nemelex Xobeh's first power
  1193 | D:2      | Received a gift from Nemelex Xobeh
  1224 | D:2      | Found a shattered altar of Ashenzari.
  1636 | D:3      | Reached skill level 1 in Throwing
  1636 | D:3      | Reached XP level 4. HP: 15/29 MP: 4/4
  1853 | D:3      | Found a burning altar of Makhleb.
  1882 | D:3      | Found an iron altar of Okawaru.
  1882 | D:3      | Noticed wullow's ghost (average GrCK)
  1911 | D:3      | Killed wullow's ghost
  1911 | D:3      | Reached skill level 1 in Armour
  1911 | D:3      | Reached XP level 5. HP: 15/34 MP: 5/5
  2013 | D:3      | Received a gift from Nemelex Xobeh
  2557 | D:3      | Reached XP level 6. HP: 28/39 MP: 6/6
  3112 | D:4      | Reached skill level 5 in Fighting
  3236 | D:4      | Found a sacrificial altar of Ru.
  3289 | D:4      | Acquired Nemelex Xobeh's second power
  3542 | D:5      | Entered Level 5 of the Dungeon
  3578 | D:5      | Received a gift from Nemelex Xobeh
  3593 | D:5      | Reached skill level 1 in Maces & Flails
  3593 | D:5      | Reached XP level 7. HP: 44/44 MP: 7/7
  3715 | D:5      | Noticed Prince Ribbit
  3746 | D:5      | Received a gift from Nemelex Xobeh
  3823 | D:5      | Found a radiant altar of Vehumet.
  4004 | D:5      | Noticed Menkaure
  4009 | D:5      | Killed Menkaure
  4067 | D:5      | Received a gift from Nemelex Xobeh
  4730 | D:6      | Noticed max's ghost (experienced MiBe)
  4742 | D:6      | Killed max's ghost
  4742 | D:6      | Reached skill level 6 in Fighting
  4742 | D:6      | Reached skill level 5 in Armour
  4742 | D:6      | Reached XP level 8. HP: 48/52 MP: 7/9
  4859 | D:6      | Acquired Nemelex Xobeh's third power
  4874 | D:6      | Found a staircase to the Ecumenical Temple.
  4874 | D:6      | Received a gift from Nemelex Xobeh
  4885 | Temple   | Entered the Ecumenical Temple
  5119 | D:6      | Noticed Pikel
  5128 | D:6      | Killed Pikel
  5128 | D:6      | Reached XP level 9. HP: 52/56 MP: 9/11
  5169 | D:6      | Received a gift from Nemelex Xobeh
  5512 | D:7      | Reached skill level 7 in Armour
  5581 | D:7      | Received a gift from Nemelex Xobeh
  5625 | D:7      | Reached skill level 1 in Shields
  6121 | D:7      | Reached skill level 5 in Maces & Flails
  6350 | D:8      | Noticed Erolcha
  6352 | D:8      | Killed Erolcha
  6352 | D:8      | Reached skill level 8 in Armour
  6352 | D:8      | Reached XP level 10. HP: 61/63 MP: 13/13
  6686 | D:8      | Noticed a centaur zombie
  6697 | D:8      | Killed a centaur zombie
  6735 | D:8      | Received a gift from Nemelex Xobeh
  6735 | D:8      | Received a gift from Nemelex Xobeh
  7547 | D:9      | Found a snail-covered altar of Cheibriados.
  8006 | D:9      | Found a staircase to the Orcish Mines.
  8034 | D:9      | Reached skill level 9 in Armour
  8254 | D:9      | Reached skill level 5 in Shields
  8254 | D:9      | Reached XP level 11. HP: 44/69 MP: 14/14
  8450 | D:9      | Received a gift from Nemelex Xobeh
  8930 | D:9      | Found a shimmering altar of Xom.
  9072 | Orc:1    | Entered Level 1 of the Orcish Mines
  9087 | Orc:1    | Found Zuligep's Food Emporium.
  9160 | Orc:1    | Bought a meat ration for 70 gold pieces
  9330 | Orc:2    | Noticed an orc knight
  9345 | Orc:2    | Killed an orc knight
  9552 | Orc:2    | Received a gift from Nemelex Xobeh
 10059 | Orc:2    | Noticed an ogre mage
 10072 | Orc:2    | Killed an ogre mage
 10805 | Orc:3    | Found a staircase to the Elven Halls.
 10841 | Orc:3    | Reached skill level 10 in Armour
 11018 | Orc:4    | Entered Level 4 of the Orcish Mines
 11021 | Orc:4    | Noticed an orc knight
 11023 | Orc:4    | Noticed an orc warlord
 11027 | Orc:4    | Noticed an orc knight
 11027 | Orc:4    | Noticed an orc high priest
 11027 | Orc:4    | Noticed an orc high priest
 11028 | Orc:4    | Noticed an orc high priest
 11031 | Orc:4    | Killed an orc knight
 11140 | Orc:2    | Received a gift from Nemelex Xobeh
 11641 | Orc:3    | Killed an orc warlord
 11718 | Orc:3    | Reached XP level 12. HP: 67/77 MP: 15/15
 11726 | Orc:3    | Reached skill level 10 in Fighting
 12057 | Orc:4    | an orc knight changed into a komodo dragon
 12241 | Orc:4    | Found Tob Ofasef's General Store.
 12265 | Orc:4    | Found Huoprobb's Antique Weapon Boutique.
 12267 | Orc:4    | Killed an orc high priest
 12267 | Orc:4    | Reached skill level 10 in Maces & Flails
 12282 | Orc:4    | Reached skill level 5 in Evocations
 12287 | Orc:4    | Noticed an orc high priest
 12288 | Orc:4    | an orc high priest changed into a glowing shapeshifter
 12288 | Orc:4    | an orc high priest changed into a deep troll
 12293 | Orc:4    | Noticed an orc high priest
 12602 | Orc:4    | Killed an orc high priest
 12608 | Orc:4    | Found Ythrinul's Book Emporium.
 12623 | Orc:4    | Found Rec Feon's Antique Armour Emporium.
 12648 | Orc:4    | Bought a transparent chain mail for 256 gold pieces
 12669 | Orc:4    | Identified the +7 chain mail of Worchotec {Dex+5} (You bought it in a shop on level 4 of the Orcish Mines)
 12673 | Orc:4    | Bought a dazzling ring mail for 243 gold pieces
 12683 | Orc:4    | Identified the +1 ring mail of the Beginning {rC++ Int+6} (You bought it in a shop on level 4 of the Orcish Mines)
 12741 | Orc:4    | Noticed a dire elephant
 12745 | Orc:4    | Noticed a storm dragon
 12745 | Orc:4    | a dire elephant changed into a storm dragon
 12747 | Orc:4    | a storm dragon changed into something unseen
 12747 | Orc:4    | an orc high priest changed into a slime creature
 12761 | Orc:4    | Noticed a ghost crab
 12761 | Orc:4    | a wind drake changed into a ghost crab
 12765 | Orc:4    | a ghost crab changed into a yaktaur
 12931 | Orc:4    | Received a gift from Nemelex Xobeh
 13531 | D:10     | Entered Level 10 of the Dungeon
 13534 | D:10     | Got a pair of spiked gloves
 13550 | D:10     | Identified the +0 pair of gloves "Zisch" {rPois Regen+ Dex-2 Slay+6} (You found it on level 10 of the Dungeon)
 13797 | D:10     | Noticed Urug
 13821 | D:10     | Killed Urug
 13821 | D:10     | Reached skill level 11 in Armour
 13836 | D:10     | Received a gift from Nemelex Xobeh
 14248 | D:10     | Found a staircase to the Lair.
 14291 | Lair:1   | Entered Level 1 of the Lair of Beasts
 14374 | Lair:1   | Reached XP level 13. HP: 66/84 MP: 16/16
 14592 | Lair:1   | Received a gift from Nemelex Xobeh
 15070 | Lair:2   | Received a gift from Nemelex Xobeh
 15124 | Lair:2   | Reached skill level 12 in Maces & Flails
 15292 | Lair:2   | Received a gift from Nemelex Xobeh
 16038 | Lair:3   | Received a gift from Nemelex Xobeh
 16191 | Lair:3   | Identified a scroll of acquirement
 16217 | Lair:3   | Gained mutation: You are resistant to hostile enchantments. [helix card]
 16425 | Lair:3   | Received a gift from Nemelex Xobeh
 16528 | Lair:3   | Noticed Bolajon the pandemonium lord
 16982 | Lair:4   | Received a gift from Nemelex Xobeh
 17022 | Lair:4   | Received a gift from Nemelex Xobeh
 17161 | Lair:4   | Received a gift from Nemelex Xobeh
 17470 | Lair:4   | Gained mutation: Your large and strong wings let you fly indefinitely. [Gargoyle growth]
 17470 | Lair:4   | Reached XP level 14. HP: 88/92 MP: 18/18
 17488 | Lair:4   | Reached skill level 13 in Maces & Flails
 17535 | Lair:4   | Found a frozen archway.
 17549 | IceCv    | Entered an ice cave
 17576 | IceCv    | Received a gift from Nemelex Xobeh
 17827 | Lair:5   | Received a gift from Nemelex Xobeh
 17865 | Lair:5   | Found a staircase to the Snake Pit.
 17909 | Lair:5   | Found a glowing silver altar of Zin.
 17987 | Lair:5   | Found a staircase to the Shoals.
 18182 | Lair:5   | Received a gift from Nemelex Xobeh
 18502 | Snake:1  | Entered Level 1 of the Snake Pit
 18775 | Snake:1  | Received a gift from Nemelex Xobeh
 18846 | Snake:1  | Noticed a greater naga
 18848 | Snake:1  | Lost mutation: You are resistant to hostile enchantments. [helix card]
 18861 | Snake:1  | Killed a greater naga
 19019 | Snake:1  | Noticed Asterion
 19030 | Snake:1  | Killed Asterion
 19084 | Snake:1  | Found a snail-covered altar of Cheibriados.
 19097 | Snake:1  | Got a transparent chain mail
 19098 | Snake:1  | Identified the +3 chain mail of Death's Door {rC- rCorr Str+3 Dex-3} (You found it on level 1 of the Snake Pit)
 19327 | Snake:2  | Reached skill level 14 in Maces & Flails
 19503 | Snake:2  | Noticed a greater naga
 19562 | Snake:2  | Killed a greater naga
 19581 | Snake:2  | Noticed a greater naga
 19587 | Snake:2  | Received a gift from Nemelex Xobeh
 19632 | Snake:2  | Killed a greater naga
 19632 | Snake:2  | Reached XP level 15. HP: 62/99 MP: 14/21
 20323 | Snake:3  | Noticed a greater naga
 20339 | Snake:3  | Killed a greater naga
 20476 | Snake:3  | Reached skill level 15 in Maces & Flails
 20518 | Snake:3  | Received a gift from Nemelex Xobeh
 20702 | Snake:3  | Got a crude spear
 20703 | Snake:3  | Identified the +7 spear of the Enemy {freeze, Dex+3} (You found it on level 3 of the Snake Pit)
 20777 | Snake:3  | Upgraded the game from 0.17-a0-1793-gcbb3aa1 to 0.17-a0-1802-g9847487
 21205 | Snake:4  | Entered Level 4 of the Snake Pit
 21214 | Snake:4  | Found Otwom's Magic Scroll Shoppe.
 21224 | Snake:4  | Received a gift from Nemelex Xobeh
 21368 | Snake:4  | Noticed Aizul
 21369 | Snake:4  | Received a gift from Nemelex Xobeh
 21369 | Snake:4  | Noticed a greater naga
 21369 | Snake:4  | Noticed a greater naga
 21369 | Snake:4  | Noticed a greater naga
 21369 | Snake:4  | Noticed a greater naga
 21369 | Snake:4  | Noticed Agnes
 21370 | Snake:4  | Noticed a greater naga
 21371 | Snake:4  | Noticed Nattefrost's ghost (mighty MiFi)
 21418 | Snake:4  | Noticed Bolacu the pandemonium lord
 21442 | Snake:4  | Reached XP level 16. HP: 34/107 MP: 18/23
 21455 | Snake:4  | Killed Agnes
 21472 | Snake:4  | Killed Aizul
 21506 | Snake:4  | Noticed a greater naga
 21532 | Snake:4  | Killed a greater naga
 21532 | Snake:4  | Reached skill level 10 in Evocations
 21534 | Snake:4  | Killed a greater naga
 21537 | Snake:4  | Killed a greater naga
 21584 | Snake:4  | Killed a greater naga
 21808 | Snake:4  | Found a blossoming altar of Fedhas.
 21892 | Snake:4  | Killed Nattefrost's ghost
 22076 | Snake:4  | Killed a greater naga
 22078 | Snake:4  | Gained mutation: You passively map a small area around you. [helix card]
 22089 | Snake:4  | Reached skill level 16 in Maces & Flails
 22409 | Snake:4  | Received a gift from Nemelex Xobeh
 22422 | Snake:4  | Noticed a greater naga
 22434 | Snake:4  | Killed a greater naga
 22721 | Snake:4  | Killed a greater naga
 22894 | Snake:4  | Reached skill level 15 in Fighting
 22956 | Snake:4  | Got a serpentine rune of Zot
 24326 | D:12     | Received a gift from Nemelex Xobeh
 24683 | D:12     | Received a gift from Nemelex Xobeh
 25196 | D:12     | Reached XP level 17. HP: 113/113 MP: 25/25
 25199 | D:13     | Found a gate to the Vaults.
 25332 | D:13     | Found a labyrinth entrance.
 25344 | Lab      | Entered a labyrinth
 25409 | Lab      | Received a gift from Nemelex Xobeh
 26168 | Lab      | Received a gift from Nemelex Xobeh
 26671 | D:13     | Found Usihug's Weapon Emporium.
 26873 | D:13     | Received a gift from Nemelex Xobeh
 27347 | D:14     | Reached skill level 1 in Polearms
 27350 | D:14     | Found a blossoming altar of Fedhas.
 27554 | D:14     | Received a gift from Nemelex Xobeh
 27967 | D:15     | Entered Level 15 of the Dungeon
 28048 | D:15     | Found Yttitz's Antique Armour Shoppe.
 28051 | D:15     | Bought an ancient plate armour for 1064 gold pieces
 28051 | D:15     | Identified the +2 plate armour of the Pleiades {rC+ Dex+7 SInv} (You bought it in a shop on level 15 of the Dungeon)
 28052 | D:15     | Bought a smelly scale mail for 342 gold pieces
 28052 | D:15     | Identified the +6 scale mail of Ennui {rC+ Str+3} (You bought it in a shop on level 15 of the Dungeon)
 28243 | D:15     | Received a gift from Nemelex Xobeh
 28283 | D:15     | Found a shadowy altar of Dithmenos.
 28444 | D:15     | HP: 4/113 [fire dragon/blast of flame (24)]
 28935 | D:15     | Found a staircase to the Depths.
 29370 | Elf:1    | Entered Level 1 of the Elven Halls
 29507 | Elf:1    | Found Vakhunas's Antique Armour Emporium.
 29542 | Elf:1    | Received a gift from Nemelex Xobeh
 29719 | Elf:1    | Found Luepp's Armour Shoppe.
 30373 | Elf:1    | Found Yhykhlot's Gadget Emporium.
 30388 | Elf:1    | Bought a plain deck of wonders for 266 gold pieces
 30559 | Elf:1    | Received a gift from Nemelex Xobeh
 30580 | Elf:1    | Drew Focus: Str increased to 22, Dex decreased to 11
 30751 | Elf:2    | Found Kuelofiq's Book Emporium.
 30937 | Elf:2    | Found a huge runed gate.
 30937 | Elf:2    | Found a huge runed gate.
 30937 | Elf:2    | Found a huge runed gate.
 30937 | Elf:2    | Found a huge runed gate.
 30937 | Elf:2    | Found a huge runed gate.
 30985 | Elf:2    | Received a gift from Nemelex Xobeh
 31174 | Elf:2    | Noticed Harold
 31185 | Elf:2    | Killed Harold
 31289 | Elf:2    | Reached skill level 5 in Polearms
 31779 | Elf:2    | Reached XP level 18. HP: 29/120 MP: 27/27
 31981 | Elf:2    | Noticed a deep elf blademaster
 32002 | Elf:2    | Killed a deep elf blademaster
 32219 | Elf:2    | Noticed Nikola
 32236 | Elf:2    | Noticed Nikola
 32236 | Elf:2    | Nikola changed into Nikola the alligator
 32240 | Elf:2    | Killed Nikola the alligator
 32756 | Elf:2    | Received a gift from Nemelex Xobeh
 33519 | Elf:3    | Entered Level 3 of the Elven Halls
 33535 | Elf:3    | Reached skill level 15 in Armour
 34075 | Elf:3    | Noticed an Ice Fiend
 34086 | Elf:3    | Killed from afar by a balrug

Vault maps used:
D:1:      ldierk_walled_garden_2
D:2:      fedhas_altar_1, lemuel_doored_altar, ecumenical_altar_2,
          minmay_misc_feat_nine_boxes
D:3:      demons_altar, grunt_ministairs_1, okawaru_trees_1
D:4:      lemuel_coloured_pillars_altar, first_bread
D:5:      kennysheep_mini, uniq_prince_ribbit1, uniq_menkaure
D:6:      minmay_temple_entry_large_hall, uniq_pikel
D:8:      grunt_pizzeria, uniq_erolcha
D:9:      minmay_klotski, overflow_temple_1_default, lemuel_crystal_altar,
          david_orc_2
D:10:     erik_lair_orcish_takeover, serial_glass, glass_columns_a,
          glass_columns_a, glass_columns_b, glass_columns_c, glass_columns_c,
          glass_columns_a, uniq_urug
D:11:     minmay_variable_closet
D:13:     david_vaults_2, serial_shops, kennysheep_mini_moat, lab_entry_generic
D:14:     lemuel_crystal_altar
D:15:     hangedman_depths_entry_try_elsewhere_first, serial_shops,
          nicolae_shop_behind_doors, nicolae_dithmenos_shadow_blocks
Temple:   circular_temple_12
Lair:1:   guppyfry_lair_drakes, infiniplex_staircase_pool
Lair:2:   st_stairs_10, serial_bayou_lagoon_a, columned_hall_lemuel
Lair:3:   serial_bayou_pond_e, minivault_19, grunt_megastairs_3,
          lemuel_fruit_fields
Lair:4:   beast_lair_carwin_large_1, portal_ice_cave_entry_pillars_01,
          st_stairs_7, serial_bayou_shore_a
Lair:5:   elwin_shoals_entry_rocks, guppyfry_snake_entry_island,
          lemuel_oklob_altar
Snake:1:  basic_altar, uniq_asterion
Snake:2:  nicolae_snake_lava_pool
Snake:4:  snake_pit, basic_altar, serial_shops, nicolae_shop_stone, uniq_agnes,
          uniq_aizul
Orc:1:    serial_shops, shop
Orc:2:    nicolae_orc_flooded_monolith, mines4_lemuel
Orc:3:    nicolae_orc_pool_cavern
Orc:4:    grunt_orc_gardens, grunt_orc_garden, grunt_orc_garden,
          grunt_orc_garden, grunt_orc_garden
Elf:1:    minmay_elf_arrival_circle, serial_shops, shop, shop_fountains,
          nicolae_shop_waterfront
Elf:2:    serial_shops, nicolae_shop_competitors_out_of_business,
          stair_cage_line, corexii_hall_statues_i, st_stairs_6, sword_in_stone,
          lemuel_elevator, uniq_nikola
Elf:3:    grunt_elf_hall_asides, spider_trap
Lab:      labyrinth_skeletal_remains, labyrinth_lava_lair, labyrinth_glass_1
IceCv:    ice_cave_statue_garden_01

Action                   |  1- 3 |  4- 6 |  7- 9 | 10-12 | 13-15 | 16-18 || total
-------------------------+-------+-------+-------+-------+-------+-------++-------
Melee: Unarmed           |    98 |   149 |       |       |       |       ||   247
       Flail             |       |    39 |   246 |  1499 |  1375 |   648 ||  3807
       Spear             |       |       |       |       |       |  1051 ||  1051
Throw: Javelin           |    21 |     7 |     2 |    18 |     4 |     6 ||    58
       Tomahawk          |       |       |       |     1 |     8 |     9 ||    18
Invok: Deal Four         |       |       |       |       |     1 |    12 ||    13
       Stack Five        |       |       |       |       |       |     1 ||     1
 Abil: Fly               |       |       |       |       |       |     2 ||     2
       Stop Flying       |       |       |       |       |       |     2 ||     2
Evoke: Deck              |     3 |    11 |    30 |    49 |    55 |    62 ||   210
       Wand              |       |       |       |     9 |     3 |    22 ||    34
       Phantom mirror    |       |       |       |       |     1 |       ||     1
       Phial of floods   |       |       |       |       |       |     2 ||     2
  Use: Potion            |     2 |     1 |       |     2 |    14 |     6 ||    25
       Scroll            |     1 |     5 |     7 |     8 |    20 |    24 ||    65
 Stab: Sleeping          |     4 |       |       |       |       |       ||     4
       Distracted        |       |     1 |       |     1 |     3 |     2 ||     7
       Confused          |       |       |       |     3 |       |       ||     3
       Invisible         |       |       |       |       |       |     1 ||     1
  Eat: Bread ration      |     1 |       |     1 |     3 |       |     1 ||     6
       Fruit             |       |     3 |     2 |       |    17 |     9 ||    31
       Chunk             |       |     1 |     2 |     2 |       |       ||     5
       Beef jerky        |       |       |     1 |       |     3 |     4 ||     8
       Pizza             |       |       |       |     9 |     1 |       ||    10
       Meat ration       |       |       |       |     1 |       |     6 ||     7
       Royal jelly       |       |       |       |       |     1 |     1 ||     2
